 Dungeon Sprint DCSS version 0.29-a0-925-g0a7a3d12f8 (webtiles) character file.

Game seed: 4219063761615202896

267 Hipnos the Carver (level 6, -2/56 HPs)
             Began as a Gnoll Chaos Knight on July 29, 2022.
             Was a Plaything of Xom.
             Slain by a neqoxec (9 damage)
             ... in the Dungeon (Sprint II: "The Violet Keep of Menkaure").
             The game lasted 00:00:36 (27 turns).

Hipnos the Carver (Gnoll Chaos Knight)                Turns: 27, Time: 00:00:37

Health: -2/56      AC:  5    Str: 11    XL:     6   Next: 21%
Magic:  2/12       EV: 13    Int: 11    God:    Xom [..*...]
Gold:   0          SH:  0    Dex: 12    Spells: 13/13 levels left

rFire   . . .      SeeInvis .   a - +0 falchion (chaos)
rCold   . . .      Faith    .   (no shield)
rNeg    . . .      Spirit   .   b - +2 leather armour
rPois   .          Reflect  .   (no helmet)
rElec   .          Harm     .   (no cloak)
rCorr   .          Rampage  .   (no gloves)
Will    .....      NoTele   +   (no boots)
Stlth   ++........              (no amulet)
HPRegen 0.18/turn               (no ring)
MPRegen 0.13/turn               (no ring)

@: on berserk cooldown, slowed, unable to drink, very slow
A: fangs 1, strong nose, distributed training, dopey 1, inability to drink while
threatened 1
a: Renounce Religion


You were in the Dungeon.
You worshipped Xom.
You were a toy of Xom.
You visited 1 branch

Inventory:

Hand Weapons
 a - a +0 falchion of chaos (weapon)
Armour
 b - a +2 leather armour (worn)
Scrolls
 i - a scroll of blinking
Potions
 d - a potion of curing
 e - a potion of heal wounds
 f - a potion of haste
 g - 2 potions of magic
Miscellaneous
 c - a piece from Xom's chessboard (15/15) (quivered)


   Skills:
 + Level 8.0 Fighting
 + Level 4.4 Short Blades
 + Level 8.0 Long Blades
 + Level 4.4 Axes
 + Level 4.4 Maces & Flails
 + Level 4.4 Polearms
 + Level 4.4 Staves
 + Level 4.4 Ranged Weapons
 + Level 4.4 Throwing
 + Level 6.4 Armour
 + Level 5.2 Dodging
 + Level 4.4 Stealth
 + Level 4.4 Shields
 + Level 4.4 Unarmed Combat
 + Level 4.4 Spellcasting
 + Level 3.6 Conjurations
 + Level 3.6 Hexes
 + Level 3.6 Summonings
 + Level 3.6 Necromancy
 + Level 3.6 Translocations
 + Level 3.6 Transmutations
 + Level 3.6 Fire Magic
 + Level 3.6 Ice Magic
 + Level 3.6 Air Magic
 + Level 3.6 Earth Magic
 + Level 3.6 Poison Magic
 + Level 4.9 Invocations
 + Level 4.4 Evocations


You had 13 spell levels left.
You didn't know any spells.
Your spell library was empty.

Dungeon Overview and Level Annotations

Branches:
Dungeon (1/1)

Altars:


Innate Abilities, Weirdness & Mutations

You have very sharp teeth.
Your uncanny sense of smell can sniff out nearby items.
Your experience applies equally to all skills.
You are dopey. (Int -2)
You occasionally lose the ability to drink potions when taking damage.


Message History

Your Throwing skill increases to level 4!
Your Armour skill increases to level 6!
Your Dodging skill increases to level 5!
Your Stealth skill increases to level 4!
Your Shields skill increases to level 4!
Your Unarmed Combat skill increases to level 4!
Your Spellcasting skill increases to level 4!
Your Conjurations skill increases to level 3!
Your Hexes skill increases to level 3!
Your Summonings skill increases to level 3!
Your Necromancy skill increases to level 3!
Your Translocations skill increases to level 3!
Your Transmutations skill increases to level 3!
Your Fire Magic skill increases to level 3!
Your Ice Magic skill increases to level 3!
Your Air Magic skill increases to level 3!
Your Earth Magic skill increases to level 3!
Your Poison Magic skill increases to level 3!
Your Invocations skill increases to level 4!
Your Evocations skill increases to level 4!
You have reached level 6!
You closely miss the neqoxec. The neqoxec hits you!
You hit the neqoxec but do no damage. Your bite misses the neqoxec.
The neqoxec hits you!
You feel threatened and lose the ability to drink potions!
* * * LOW HITPOINT WARNING * * *
The neqoxec hits you.
* * * LOW HITPOINT WARNING * * *
You cannot drink potions in your current state!
You hit the neqoxec but do no damage. Your bite misses the neqoxec.
The neqoxec hits you.
* * * LOW HITPOINT WARNING * * *
You slash the neqoxec! You burn the neqoxec.
The neqoxec is heavily wounded.
The neqoxec closely misses you.
You barely miss the neqoxec.
The neqoxec is heavily wounded.
The neqoxec hits you!
You die...
Xom guffaws!

∆ ∆ ##
∆ #.#
#+#
#3##.##
∆
#@.<.+
∆
###.##
#+# ∆ ∆


You could see a neqoxec.

Vanquished Creatures
  2 neqoxecs (D)
2 creatures vanquished.

Notes
Turn   | Place    | Note
-------+----------+-------------------------------------------
     0 | D        | Hipnos the Gnoll Chaos Knight began the quest for the Orb.
     0 | D        | Reached XP level 1. HP: 23/23 MP: 1/1
     5 | D        | Noticed a neqoxec
     8 | D        | Gained mutation: You occasionally lose the ability to drink
                  | potions when taking damage. [a neqoxec]
    11 | D        | Noticed a neqoxec
    16 | D        | Noticed a neqoxec
    17 | D        | Killed a neqoxec
    18 | D        | Reached skill level 5 in Armour
    18 | D        | Reached XP level 2. HP: 29/31 MP: 1/6
    18 | D        | Reached XP level 3. HP: 34/36 MP: 1/7
    18 | D        | Reached XP level 4. HP: 40/43 MP: 1/9
    18 | D        | Reached XP level 5. HP: 45/48 MP: 1/10
    20 | D        | Gained mutation: You are dopey. (Int -2) [a neqoxec]
    22 | D        | Killed a neqoxec
    23 | D        | Reached skill level 5 in Dodging
    23 | D        | Reached XP level 6. HP: 29/56 MP: 1/12
    27 | D        | Slain by a neqoxec

Illustrated notes

Levels and vault maps discovered:
D:        the_violet_keep_of_menkaure [sprint2_stairs_cluster_1,
          sprint2_shoproom, sprint2_temple, sprint2_basic_supplies,
          sprint2_obstacle_1, sprint2_obstacle_2, sprint2_obstacle_5,
          sprint2_obstacle_4, sprint2_obstacle_3, sprint2_timed_cluster_1,
          sprint2_smallroom_cluster_1, sprint2_smallroom_final_cluster_1,
          sprint2_transparent_cluster_1, sprint2_second_timed_cluster_1,
          sprint2_sniper_area_1, sprint2_heavy_combat_area_1,
          sprint2_mutation_trap_area_1, sprint2_forest_area_1,
          sprint2_light_combat_area_1, sprint2_behind_water_1,
          sprint2_near_end_vault_1]

Skill      XL: |  1  2  3  4  5 |
---------------+----------------+-----
Fighting       | 7 8 |  8.0
Short Blades   | 3 4 |  4.4
Long Blades    | 7 8 |  8.0
Axes           | 3 4 |  4.4
Maces & Flails | 3 4 |  4.4
Polearms       | 3 4 |  4.4
Staves         | 3 4 |  4.4
Ranged Weapons | 3 4 |  4.4
Throwing       | 3 4 |  4.4
Armour         | 5 6 |  6.4
Dodging        | 4 5 |  5.2
Stealth        | 3 4 |  4.4
Shields        | 3 4 |  4.4
Unarmed Combat | 3 4 |  4.4
Spellcasting   | 3 4 |  4.4
Conjurations   | 2 3 |  3.6
Hexes          | 2 3 |  3.6
Summonings     | 2 3 |  3.6
Necromancy     | 2 3 |  3.6
Translocations | 2 3 |  3.6
Transmutations | 2 3 |  3.6
Fire Magic     | 2 3 |  3.6
Ice Magic      | 2 3 |  3.6
Air Magic      | 2 3 |  3.6
Earth Magic    | 2 3 |  3.6
Poison Magic   | 2 3 |  3.6
Invocations    | 3 4 |  4.9
Evocations     | 3 4 |  4.4

Action                   |  1- 3 |  4- 6 || total
-------------------------+-------+-------++-------
Melee: Falchion          |    11 |     9 ||    20
  Use: Potion            |     1 |       ||     1
Dodge: Dodged            |     2 |     1 ||     3

Table legend: (Time is in decaauts)
 A = Elapsed time spent in this place.
 B = Non-inter-level travel time spent in this place.
 C = Inter-level travel time spent in this place.
 D = Time resting spent in this place.
 E = Time spent auto-exploring this place.
 F = Levels seen in this place.
 G = Mean time per level.
                   A        B        C        D        E       F      G
               +--------+--------+--------+--------+--------+-----+--------+
         Total |     22 |     22 |      0 |      0 |      0 |   1 |   22.0 |
       Dungeon |     22 |     22 |      0 |      0 |      0 |   1 |   22.0 |
               +--------+--------+--------+--------+--------+-----+--------+

Top non-repeatable levels by time:
       D: 22 daAuts
